 Dungeon Crawl Stone Soup version 0.16-a0-3749-g20dbed2 (console) character file.

77 MrRokkomies the Sneak (level 4, 0/31 HPs)
             Began as an Octopode Assassin on Jan 23, 2015.
             Slain by a bat (1 damage)
             ... on level 3 of the Dungeon.
             The game lasted 00:07:45 (1642 turns).

MrRokkomies the Sneak (Octopode Assassin)           Turns: 1642, Time: 00:07:45

Health: 0/31       AC:  1    Str: 12    XL:     4   Next: 34%
Magic:  4/4        EV: 11    Int: 14    God:
Gold:   47         SH:  0    Dex: 13    Spells: 0 memorised, 3 levels left

rFire  . . .     SeeInvis .     a - +2 dagger
rCold  . . .     Clarity  .     (no shield)
rNeg   . . .     SustAb   .     (helmet restricted)
rPois  .         Gourm    .     (no amulet)
rElec  .         Spirit   .     (no ring)
rCorr  .         Warding  .     (no ring)
rMut   .         Stasis   .     (no ring)
MR     .....                    (no ring)
Stlth  ++++......               (no ring)
                                (no ring)
                                (no ring)
                                (no ring)

@: not resistant to hostile enchantments, stealthy
A: almost no armour, amphibious, 8 rings, constrict 8, camouflage 1, strong 1,
gelatinous body 1
a: no special abilities


You were on level 3 of the Dungeon.
You were not hungry.

You visited 1 branch of the dungeon, and saw 3 of its levels.

You collected 47 gold pieces.

Inventory:

Hand weapons
 a - a +2 dagger (weapon)
 b - a +0 blowgun
Missiles
 e - 8 poisoned needles
 f - 2 curare-tipped needles
Scrolls
 i - 3 scrolls of teleportation
Potions
 h - 2 potions of curing
 l - a potion of resistance {unknown}
 m - 3 potions of might
Comestibles
 g - 3 bread rations
 k - 2 meat rations


   Skills:
 * Level 3.1 Fighting
 * Level 3.3 Short Blades
 - Level 2.0 Throwing
 - Level 1.0 Dodging
 + Level 5.8 Stealth


You had 3 spell levels left.
You didn't know any spells.

Dungeon Overview and Level Annotations

Branches:
Dungeon (3/15)

Altars:
Vehumet

Annotations:
D:3 Tyryt0's ghost, average DgWn


Innate Abilities, Weirdness & Mutations

You cannot wear most types of armour.
You are amphibious.
You can wear up to eight rings at the same time.
You can use your tentacles to constrict many enemies at once.
Your skin changes colour to match your surroundings (Stealth).
Your rubbery body absorbs attacks (AC +1).
Your muscles are strong. (Str +2)


Message History

The bat barely misses you. The orc misses you.
The orc hits you with a falchion.
You barely miss the orc. Your grab misses the orc.
The orc is heavily wounded.
The bat hits you. The orc hits you.
You hit the orc. Your grab misses the orc. Your squeeze misses the orc.
The orc is almost dead.
The bat hits you. The orc barely misses you. The orc hits you with a mace!
* * * LOW HITPOINT WARNING * * *
The orc closely misses you. The bat barely misses you.
You are too injured to fight recklessly!
The bat hits you.
* * * LOW HITPOINT WARNING * * *
The bat closely misses you. The bat hits you.
* * * LOW HITPOINT WARNING * * *
The orc hits you with a mace.
* * * LOW HITPOINT WARNING * * *
The bat hits you.
You die...

## .. o .#
.(. .##....
#####.......
#<@.........
###bo..#..$..
#.r........
##o........
#.o....###+#
#..........
.......(....
......>......
#########(##.
.# .#


You could see 2 orcs, a bat and a rat.

Vanquished Creatures
  3 adders (D:2)
  An ooze (D:2)
  An orc (D:3)
  2 ball pythons
  6 bats
  A giant cockroach (D:1)
  8 hobgoblins
  6 kobolds
  A quokka (D:3)
  3 giant geckos
  4 giant newts
  2 goblins (D:2)
  11 rats (D:1)
49 creatures vanquished.

Notes
Turn   | Place    | Note
--------------------------------------------------------------
     0 | D:1      | MrRokkomies, the Octopode Assassin, began the quest for the Orb.
     0 | D:1      | Reached XP level 1. HP: 14/14 MP: 1/1
   101 | D:1      | Reached XP level 2. HP: 19/19 MP: 2/2
   797 | D:2      | Reached XP level 3. HP: 25/25 MP: 3/3
  1261 | D:2      | Reached XP level 4. HP: 28/31 MP: 4/4
  1454 | D:2      | Gained mutation: Your muscles are strong. (Str +2) [potion of beneficial mutation]
  1481 | D:3      | Found a radiant altar of Vehumet.
  1531 | D:3      | Noticed Tyryt0's ghost (average DgWn)
  1641 | D:3      | HP: 1/31 [orc/mace (5)]
  1642 | D:3      | Slain by a bat

Action                   |  1- 3 |  4- 6 || total
-------------------------+-------+-------++-------
Melee: Dagger            |    56 |    33 ||    89
  Use: Scroll            |     5 |     3 ||     8
       Potion            |       |     1 ||     1
 Stab: Sleeping          |    14 |     3 ||    17
  Eat: Chunk             |     1 |     1 ||     2
